 Dungeon Crawl Stone Soup version 0.30-a0-719-gcc4359ea44 (webtiles) character file.

Game seed: 4513751596686141826

387560 MackTheKnife the Archmage (level 22, -28/133 HPs)
             Began as a Deep Elf Wanderer on Jan 26, 2023.
             Was an Initiate of Gozag.
             Hit by a large rock thrown by a stone giant (32 damage)
             ... on level 5 of the Vaults.
             The game lasted 02:43:50 (71012 turns).

MackTheKnife the Archmage (Deep Elf Wanderer)      Turns: 71012, Time: 02:43:50

Health: -28/133    AC: 21    Str: 12    XL:     22   Next: 3%
Magic:  45/64      EV: 20    Int: 34    God:    Gozag
Gold:   5412       SH: 10    Dex: 24    Spells: 16/75 levels left

rFire   + . .      SeeInvis .    g - staff of cold {!astaff}
rCold   + + +      Faith    .    Z - +3 buckler {rN+}
rNeg    + . .      Spirit   .    f - quicksilver dragon scales of the Barnacle {Will+ rCorr, rare}
rPois   +          Reflect  .    G - +2 helmet
rElec   +          Harm     .    y - +0 cloak of Lesser Demons {MP+9}
rCorr   +          Rampage  .    s - +2 pair of gloves {Dex+3}
Will    +++..      Archmagi +    J - +0 pair of boots of the Lizard {Int+2}
Stlth   +++                      F - amulet "Jammemun" {rC++ Regen+}
HPRegen 1.22/turn                B - ring "Gyez" {Str+6 Int+5}
MPRegen 0.39/turn                l - ring of the Mage {Wiz Archmagi}

@: resistant, in a vortex, gold aura, flying (expiring), studying 2 skills
A: clever 1
}: 2/15 runes: serpentine, barnacled
a: Renounce Religion, Potion Petition, Call Merchant, Bribe Branch


You were on level 5 of the Vaults.
You worshipped Gozag.
Gozag was greatly pleased with you.
You visited 8 branches of the dungeon, and saw 39 of its levels.
You also visited: Ice Cave.

You collected 21206 gold pieces.
You spent 7052 gold pieces at shops.
You paid 8742 gold pieces to Gozag.


Innate Abilities, Weirdness & Mutations

Your mind is acute. (Int +4, Str/Dex -1)


   Skills:
 + Level 12.6 Fighting
 - Level 8.0 Short Blades
 - Level 8.0 Armour
 + Level 13.3 Dodging
 - Level 6.0 Stealth
 - Level 6.0 Shields
 O Level 27 Spellcasting
 - Level 13.5 Conjurations
 - Level 6.6 Hexes
 - Level 9.0 Summonings
 - Level 2.1 Fire Magic
 - Level 22.5 Ice Magic
 - Level 5.3 Air Magic
 - Level 6.0 Evocations


You had 16 spell levels left.
You knew the following spells:

 Your Spells              Type           Power      Damage    Failure   Level
a - Foxfire               Conj/Fire      100%       2x1d9     1%          1
b - Frozen Ramparts       Ice            100%       1d16      0%          3
c - Polar Vortex          Ice            82%        N/A       4%          9
d - Lightning Bolt        Conj/Air       52%        1d74      1%          5
e - Freezing Cloud        Conj/Ice/Air   71%        6-21      1%          5
f - Cause Fear            Hex            47%        N/A       1%          4
g - Orb of Destruction    Conj           59%        9d14      1%          7
h - Spellforged Servitor  Conj/Summ      55%        N/A       4%          7
i - Blink                 Tloc           100%       N/A       1%          2
j - Summon Forest         Summ/Tloc      43%        N/A       1%          5
k - Enfeeble              Hex            47%        N/A       26%         7
z - Fulminant Prism       Conj/Hex       53%        3d23      1%          4

Your spell library contained the following spells:

 Spells                   Type           Power      Damage    Failure   Level
 Freeze                   Ice            100%       1d10      0%          1
 Ensorcelled Hibernation  Hex/Ice        100%       N/A       0%          2
 Hailstorm                Conj/Ice       100%       3d20      0%          3
 Summon Ice Beast         Ice/Summ       100%       N/A       0%          4
 Apportation              Tloc           100%       N/A       1%          1
 Beastly Appendage        Tmut           100%       N/A       1%          1
 Kiss of Death            Conj/Necr      100%       2d13      1%          1
 Necrotise                Necr           100%       1d9       1%          1
 Slow                     Hex            100%       N/A       1%          1
 Sting                    Tmut/Pois      100%       1d8       1%          1
 Summon Small Mammal      Summ           100%       N/A       1%          1
 Cigotuvi's Dreadful Rot  Necr/Pois/Air  100%       N/A       1%          2
 Lesser Beckoning         Tloc           100%       N/A       1%          2
 Momentum Strike          Conj/Tloc      100%       3d10      1%          2
 Passwall                 Tmut/Erth      51%        N/A       1%          2
 Poisonous Vapours        Pois/Air       100%       N/A       1%          2
 Scorch                   Fire           100%       2d10      1%          2
 Static Discharge         Conj/Air       100%       2-7/arc   1%          2
 Wereblood                Tmut           62%        N/A       1%          2
 Call Canine Familiar     Summ           100%       N/A       1%          3
 Confusing Touch          Hex            94%        N/A       1%          3
 Ignite Poison            Fire/Tmut/Pois 66%        N/A       1%          3
 Kindle Blastsparks       Fire/Tloc/Air  100%       2d18      1%          3
 Mephitic Cloud           Conj/Pois/Air  93%        N/A       1%          3
 Spider Form              Tmut/Pois      62%        N/A       1%          3
 Stone Arrow              Conj/Erth      100%       3d13      1%          3
 Summon Guardian Golem    Hex/Summ       99%        N/A       1%          3
 Swiftness                Air            89%        N/A       1%          3
 Vampiric Draining        Necr           62%        2d10      1%          3
 Vhi's Electric Charge    Tloc/Air       100%       N/A       1%          3
 Airstrike                Air            44%        2d(7-23)  1%          4
 Anguish                  Hex/Necr       40%        N/A       1%          4
 Animate Armour           Summ/Erth      100%       N/A       1%          4
 Flame Wave               Conj/Fire      99%        2d21      1%          4
 Leda's Liquefaction      Hex/Erth       40%        N/A       1%          4
 Sticky Flame             Conj/Fire      99%        2d11      1%          4
 Summon Lightning Spire   Summ/Air       97%        N/A       1%          4
 Arcjolt                  Conj/Air       52%        1d62      1%          5
 Fireball                 Conj/Fire      49%        3d19      1%          5
 Iskenderun's Battlesphe  Conj           100%       2d15      1%          5
 Metabolic Englaciation   Hex/Ice        72%        N/A       1%          5
 Conjure Ball Lightning   Conj/Air       52%        3x3d18    1%          6
 Summon Cactus Giant      Summ           52%        N/A       1%          6
 Dispel Undead            Necr           62%        3d22      4%          4
 Olgreb's Toxic Radiance  Pois           62%        N/A       4%          4
 Petrify                  Tmut/Erth      62%        N/A       4%          4
 Summon Hydra             Summ           52%        N/A       10%         7
 Agony                    Necr           62%        N/A       13%         5
 Alistair's Intoxication  Tmut/Pois      41%        N/A       13%         5
 Lee's Rapid Deconstruct  Erth           31%        3d16*     13%         5
 Eringya's Noxious Bog    Tmut/Pois      31%        N/A       54%         6
 Statue Form              Tmut/Erth      41%        N/A       54%         6
 Discord                  Hex            47%        N/A       87%         8
 Maxwell's Capacitive Co  Air            44%        ∞         96%         8
 Borgnjor's Revivificati  Necr           31%        N/A       100%        8
 Disjunction              Tloc           31%        N/A       100%        8
 Ignition                 Fire           37%        3d11      100%        8
 Necromutation            Tmut/Necr      31%        N/A       100%        8
 Death's Door             Necr           31%        N/A       100%        9
 Simulacrum               Ice/Necr       Unusable   N/A       N/A         6

Inventory:

Hand Weapons
 a - the +8 Vampire's Tooth {megavamp}
   (You found it on level 2 of the Lair of Beasts)
 b - the +2 war axe of Vuemome {elec, rC- rN++ Will+ Int+3, axe}
   (You took it off a naga mage on level 1 of the Snake Pit)

   Int:       It affects your intelligence (+3).
   rC:        It makes you vulnerable to cold.
   rN:        It greatly protects you from negative energy.
   Will:      It increases your willpower.
Armour
 f - the quicksilver dragon scales of the Barnacle (worn) {Will+ rCorr, rare}
   (You bought it in a shop on level 2 of the Orcish Mines)

   rCorr:     It protects you from acid and corrosion.
   Will:      It increases your willpower.
 s - a +2 pair of gloves of dexterity (worn)
   (You found it on level 3 of the Elven Halls)
 y - the +0 cloak of Lesser Demons (worn) {MP+9}
   (You found it on level 3 of the Dungeon)

   MP:        It affects your magic capacity (+9).
 G - a +2 helmet (worn)
   (You found it on level 7 of the Dungeon)
 J - the +0 pair of boots of the Lizard (worn) {Int+2}
   (You bought it in a shop on level 2 of the Orcish Mines)

   Int:       It affects your intelligence (+2).
 Z - a +3 buckler of positive energy (worn)
   (You took it off a tengu warrior on level 15 of the Dungeon)
Magical Staves
 c - a staff of conjuration {!a@e2staff}
   (You found it on level 4 of the Shoals)
 g - a staff of cold (weapon) {!astaff}
   (You found it on level 14 of the Dungeon)
Jewellery
 e - the ring of the Bull {Wiz +Blink rPois rN+}
   (You acquired it on level 6 of the Dungeon)

   [ring of wizardry]

   It improves your spell success rate.
   rPois:     It protects you from poison.
   rN:        It protects you from negative energy.
   +Blink:    It lets you blink.
 l - the ring of the Mage (right hand) {Wiz Archmagi}
   (You bought it in a shop on level 9 of the Dungeon)

   [ring of wizardry]

   It improves your spell success rate.
   Archmagi:  It increases the power of your magical spells.
 o - a ring of see invisible
   (You bought it in a shop on level 2 of the Orcish Mines)
 v - the ring "Ipritiuk" {Ice *Corrode rElec rPois Will+ Slay+2}
   (You took it off a deep elf zephyrmancer on level 3 of the Elven Halls)

   [ring of ice]

   It enhances your ice magic.
   Slay:      It affects your accuracy & damage with ranged weapons and melee
   (+2).
   rF:        It makes you vulnerable to fire.
   rC:        It protects you from cold.
   rElec:     It insulates you from electricity.
   rPois:     It protects you from poison.
   *Corrode:  It may corrode you when you take damage.
   Will:      It increases your willpower.
 B - the ring "Gyez" (left hand) {Str+6 Int+5}
   (You bought it in a shop on level 2 of the Shoals)

   [ring of strength]

   Str:       It affects your strength (+6).
   Int:       It affects your intelligence (+5).
 F - the amulet "Jammemun" (around neck) {rC++ Regen+}
   (You bought it in a shop on level 9 of the Dungeon)

   [amulet of regeneration]

   rC:        It greatly protects you from cold.
   Regen:     It increases your rate of health regeneration.
 S - a ring of the Octopus King {HP+2 MP+9 AC+2 EV+2 SH+2}
   (You bought it in a shop on level 2 of the Elven Halls)

   [ring of magical power]

   AC:        It affects your AC (+2).
   EV:        It affects your evasion (+2).
   HP:        It affects your health (+2).
   MP:        It affects your magic capacity (+9).
   SH:        It affects your SH (+2).
 X - a ring of protection from fire
   (You took it off a deep elf zephyrmancer on level 3 of the Elven Halls)
Wands
 t - a wand of iceblast (36)
   (You found it on level 4 of the Shoals)
 H - a wand of digging (9)
   (You found it on level 6 of the Dungeon)
 O - a wand of light (12)
   (You found it on level 14 of the Dungeon)
 V - a wand of charming (20)
   (You found it on level 5 of the Lair of Beasts)
Scrolls
 d - 2 scrolls of magic mapping {!r}
 j - 6 scrolls of immolation {!r!r}
 q - 8 scrolls of poison {!r}
 u - 4 scrolls of blinking {!r}
 x - 7 scrolls of fear
 z - 6 scrolls of amnesia
 A - 5 scrolls of fog
 D - 4 scrolls of teleportation {@r4}
 E - 6 scrolls of identify {@r1}
 K - 6 scrolls of silence {!r}
 L - 7 scrolls of enchant weapon
 M - 2 scrolls of enchant armour
 P - 2 scrolls of brand weapon
 T - 3 scrolls of summoning
Potions
 i - 10 potions of mutation {!q}
 k - 6 potions of heal wounds {@q2}
 n - 2 potions of cancellation
 p - 2 potions of magic
 r - 6 potions of flight
 w - 19 potions of curing {@q1}
 C - 5 potions of brilliance
 N - 2 potions of ambrosia
 Q - 2 potions of invisibility
 U - 6 potions of resistance
 W - 3 potions of haste {@q3}
 Y - 11 potions of might
Miscellaneous
 h - a condenser vane
   (You found it on level 3 of the Elven Halls)
 m - a phial of floods
   (You found it on level 4 of the Shoals)
 I - a phantom mirror
   (You found it on level 10 of the Dungeon)
 R - a box of beasts
   (You found it on level 15 of the Dungeon)

Dungeon Overview and Level Annotations

Branches:
Dungeon (15/15) Zot: 23934    Lair (5/5) D:10 Zot: 21083  Shoals (4/4) Lair:2 Zot: 17072
  Snake (4/4) Lair:3 Zot: 14033   Slime (0/5) Lair:5          Orc (2/2) D:11 Zot: 9073
    Elf (3/3) Orc:2 Zot: 12486  Vaults (5/5) D:14 Zot: 18603   Crypt (0/3) Vaults:3
 Depths (1/4) D:15 Zot: 5979   IceCv (visited)
 Temple: D:4-7

Altars:
Ashenzari
Cheibriados
Dithmenos
Fedhas
Gozag
Hepliaklqana
Kikubaaqudgha
Okawaru
Qazlal
Ru
Sif Muna
Uskayaw
Vehumet
Wu Jian
Xom
Yredelemnul
Zin
Jiyva

Shops:
D:3 ?   D:9 =   D:11 :   D:13 [   D:15 [   Orc:1 (   Orc:2 ([=[   Elf:1 (
Elf:2 =[**   Elf:3 =   Lair:2 ?   Lair:4 [   Shoals:2 =   Shoals:3 :
Snake:3 [?   Vaults:1 *   Vaults:2 [?[(!   Vaults:3 !

Portals:
Trove: D:13 (give 8 potions of haste)

Annotations:
D:10 1 runed translucent door
Lair:3 1 exclusion
Lair:5 1 runed translucent door
Elf:2 3 runed translucent doors

.....#....# #. ....#....#
#. ...(#....##.#
..§§§§....#
###############§§§§§..D####
...§§§§§§§§§§§§§§§C§$......
...§§§§§§§§§§§§§C§§§$......
...§§§§§§L§§§§§§§§§.<$.....
...§§§§9§§§p§§@§§§D<$$.....
###############§§§§§.....##
....§§§§.$....#
....§#X§§.....#
.....§#C§§.###...
#C##.§#.§..# ... ..
#..#....# .. .#....#


You could see a tentacled monstrosity, a golden dragon, an ancient lich (fast),
a frost giant, a fire giant, a stone giant, a vault warden and a war gargoyle.


Message History

The vault guard shouts!
Unknown command.
Casting: Polar Vortex (dangerous; 4% risk of failure)
Confirm with . or Enter, or press ? or * to list all spells.
You feel a strong surge of power!
A great freezing vortex appears and lifts you up.
The ettin is distracted by your dazzling golden aura.
The vault warden is distracted by your dazzling golden aura. 😎 MP[-8]
You lost 8 mp, and now have 49/63 mp.
The vault guard is no longer distracted by gold.
The vault warden hits you with a +2 battleaxe of electrocution!! 😕 HP[-31]
You take 31 damage, and now have 97/128 hp.
MASSIVE DAMAGE!! (PAUSE)
You feel protected.
You kill the vault warden!
The vault guard hits you but does no damage.
An ancient lich comes into view.
You have reached level 22!
You kill the vault guard!
You hear a deafening roar!
A war gargoyle comes into view. It is wielding a +0 great mace.
Unknown command. 😕 HP[+7] MP[+1]
You now have 133 max hp (+5).
You regained 7 hp, and now have 104/133 hp.
Unknown command.
Unknown command.
You kill the titan!
You hear a shout!
You hear a deafening roar!
You hear a shout! x2 😕 HP[+1] Unknown command.
The winds around you start to calm down.
You float gracefully downwards.
You hear a shout!
The ancient lich points at you and mumbles some strange words.
The bolt of acid misses you. 😕 HP[+1] MP[+1] Unknown command.
You are engulfed in whirling frost.
The ancient lich gestures wildly while chanting.
The ancient lich seems to speed up. 😕 HP[+1]
A stone giant comes into view.
The stone giant shouts!
The ancient lich casts a spell at you.
You easily resist.
The war gargoyle launches metal splinters at you.
The spray of metal splinters misses you. 😕 HP[+1] MP[+1] Unknown command.
The winds around you calm down. The ancient lich casts a spell at you.
You easily resist. 😕 HP[+2]
You regained 2 hp, and now have 110/133 hp.
Unknown command.
Casting: Polar Vortex (dangerous; 4% risk of failure)
Confirm with . or Enter, or press ? or * to list all spells.
You feel a strong surge of power!
A great freezing vortex appears and lifts you up.
The vault warden is distracted by your dazzling golden aura. 😕 HP[+1] MP[-9]
You lost 9 mp, and now have 43/64 mp.
Unknown command.
The vault warden is no longer distracted by gold.
The war gargoyle is distracted by your dazzling golden aura. 😕 HP[+1] MP[+1] Unknown command.
The ancient lich attacks as you move away!
The ancient lich touches you but does no damage.
The war gargoyle is no longer distracted by gold.
You kill the ettin!
The war gargoyle hits you with a +0 great mace.
The ancient lich gestures at you while chanting.
The crystal spear hits you!!!!
Ouch! That really hurt!
* * * LOW HITPOINT WARNING * * *
The storm dragon breathes lightning at you.
The bolt of lightning hits you. You resist.
* * * LOW HITPOINT WARNING * * *
You block the war gargoyle's attack.
You hear a shout! x3; You hear a deafening roar!
You hear a shout!
You hear a horrible gurgling sound! 😱 HP[-110]
You take 110 damage, and now have 2/133 hp.
MASSIVE DAMAGE!! (PAUSE) Unknown command.
Really read
u - 5 scrolls of blinking {!r}?
Blink to where?
Press: ? - help, Dir - move target A stone giant, a golden dragon and a fire giant come into view.
The fire giant is wielding a +2 great sword of flaming.
As you read the scroll of blinking {!r}, it crumbles to dust.
A frost giant comes into view.
It is wielding a +0 battleaxe of freezing.
A tentacled monstrosity comes into view.
The stone giant throws a large rock.
The large rock hits you!!
You die...
Your body crumbles into a pile of gold.

Skill      XL: |  1  2  3  4  5  6  7  8  9 10 11 12 13 14 15 16 17 18 19 20 21 |
---------------+----------------------------------------------------------------+-----
Spellcasting   | 3 4 5 7 10 13 14 16 17 19 21 24 26 27 | 27.0
Conjurations   | 1 3 6 8 10 11 13 | 13.5
Dodging        | 5 8 10 11 12 13 | 13.3
Fighting       | 3 6 7 8 9 10 11 12 | 12.6
Ice Magic      | 1 3 8 11 12 15 18 20 22 | 22.5
Stealth        | 3 6 |  6.0
Air Magic      | 4 5 |  5.3
Short Blades   | 8 |  8.0
Evocations     | 6 |  6.0
Armour         | 8 |  8.0
Shields        | 6 |  6.0
Summonings     | 4 9 |  9.0
Hexes          | |  6.6
Fire Magic     | |  2.1

Action                     |  1- 3 |  4- 6 |  7- 9 | 10-12 | 13-15 | 16-18 | 19-21 | 22-24 || total
---------------------------+-------+-------+-------+-------+-------+-------+-------+-------++-------
  Melee: Dagger            |    11 |    41 |    43 |       |       |       |       |       ||    95
         Punch             |       |     1 |       |       |    13 |     2 |       |       ||    16
         Whip              |       |       |    33 |   143 |       |       |       |       ||   176
         Quick blade       |       |       |       |       |   774 |   357 |     1 |       ||  1132
         War axe           |       |       |       |       |       |    28 |    60 |       ||    88
         Staff             |       |       |       |       |       |       |     1 |       ||     1
   Cast: Foxfire           |    94 |    80 |    54 |   163 |    10 |     3 |     1 |       ||   405
         Fulminant Prism   |       |    13 |    73 |   102 |     1 |    13 |       |       ||   202
         Frozen Ramparts   |       |       |     5 |     3 |     2 |       |       |       ||    10
         Lightning Bolt    |       |       |       |   124 |   302 |   138 |    17 |       ||   581
         Blink             |       |       |       |     1 |       |       |       |       ||     1
         Freezing Cloud    |       |       |       |     4 |   187 |   182 |    59 |       ||   432
         Orb of Destructio |       |       |       |       |       |   113 |   205 |       ||   318
         Spellforged Servi |       |       |       |       |       |    75 |    91 |       ||   166
         Summon Forest     |       |       |       |       |       |       |     3 |       ||     3
         Polar Vortex      |       |       |       |       |       |       |    36 |     1 ||    37
 Invoke: Call Merchant     |       |       |       |     1 |     4 |     1 |     2 |       ||     8
  Evoke: Wand              |       |     1 |     1 |    11 |    11 |     5 |     2 |       ||    31
         Phantom mirror    |       |       |       |       |     1 |     1 |       |       ||     2
         Box of beasts     |       |       |       |       |     1 |     2 |       |       ||     3
    Use: Scroll            |       |     6 |     3 |    13 |    11 |     9 |     8 |     1 ||    51
         Potion            |       |     1 |       |     1 |       |     2 |     6 |       ||    10
   Stab: Sleeping          |       |     1 |       |     1 |     9 |     1 |     2 |       ||    14
         Betrayed ally     |       |       |       |     2 |       |       |       |       ||     2
         Distracted        |       |       |       |       |     3 |       |     4 |       ||     7
         Invisible         |       |       |       |       |     2 |       |       |       ||     2
 Armour: Robe              |    12 |    25 |    22 |    55 |    33 |       |       |       ||   147
         Quicksilver drago |       |       |       |       |    63 |   175 |   101 |     1 ||   340
  Dodge: Dodged            |    14 |    35 |    99 |   277 |   443 |   441 |   271 |     2 ||  1582
  Block: Buckler           |       |       |       |       |       |   190 |   208 |     1 ||   399

Levels and vault maps discovered:
D:1:      ebering_hopf_link, layout_basic, hangedman_decor_push
D:2:      layout_basic, serial_curves, eino_curves_03, eino_curves_04,
          chequers_serial_rivers_room_a
D:3:      kennysheep_six_static_rooms, layout_loops_ring,
          grunt_temple_overflow_gold_and_silver,
          mainiacjoe_overflow_six_doors_small, nicolae_qazlal_scattered_showers,
          serial_shops, shop, uniq_grinder
D:4:      layout_layer_cave, grunt_temple_overflow_open
D:5:      nicolae_cairo_tiling_large, layout_loops_cross,
          mainiacjoe_overflow_catwalk, item_on_display_a, uniq_blork_the_orc
D:6:      layout_loops_ring, uniq_eustachio, uniq_edmund
D:7:      layout_loops_ring, minmay_temple_entry_drinking_statues,
          nrook_mini_vaults, hex_tiny, nicolae_sextant, minmay_the_grid_2x2
          [minmay_the_grid_all_tris, minmay_the_grid_tiny_cups,
          minmay_the_grid_odd_star, minmay_the_grid_prize_inner_circle],
          uniq_prince_ribbit1
D:8:      layout_gridville, nicolae_ru_awakened_eye,
          mainiacjoe_overflow_alcove_4, kennysheep_cross_bottleneck, uniq_pikel
D:9:      minmay_opposing_rooms, layout_basic, kennysheep_mini_moat,
          cheibriados_altar_1, mainiacjoe_overflow_boulevard, marbit_many_paths,
          nzn_life_drinkers
D:10:     layout_basic, dk_yredelemnul_ordeal, lair_entry_dummy,
          minmay_misc_feat_pillars
D:11:     lemuel_troll_bridge, layout_irregular_city, zombieorc1_lemuel,
          serial_shops, kennysheep_little_box, led_xom_imps, uniq_erica,
          uniq_psyche
D:12:     layout_basic, uniq_snorg, uniq_frances
D:13:     layout_cave_pods, enter_trove_2, uniq_maurice
D:14:     layout_basic, david_vaults_4, corexii_hall_statues_t,
          grunt_gozag_breadcrumbs, uniq_lodul
D:15:     grunt_enter_depths_magical_seal, layout_irregular_city,
          grunt_decor_fettered, uniq_kirke
Lair:1:   layout_chaotic_city, grunt_megastairs_2, infiniplex_staircase_pool
Lair:2:   layout_cave_pods, minmay_shoals_entry_centaurs,
          portal_ice_cave_entry_imps, cheibrodos_lair_lostbears,
          grunt_megastairs_1, serial_bayou_shore_a
Lair:3:   layout_layer_cave, dummy_snake_entry, serial_bayou,
          serial_bayou_pond_e, serial_bayou_pond_e, serial_bayou_crossing,
          serial_bayou_lagoon_a
Lair:4:   layout_layer_cave
Lair:5:   minmay_lair_end_frog_pond, layout_regular_city, slime_entry_2
Shoals:1: layout_shoals, nicolae_shoals_gull_way, uniq_josephine, uniq_roxanne
Shoals:2: layout_shoals, serial_shops,
          nicolae_shop_temple_entry_statues_fountains, lightli_airlock
Shoals:3: layout_shoals, nicolae_shoals_spring_well_temple
Shoals:4: shoals_end_grunt_ice, layout_shoals
Snake:1:  layout_cave_pods, nicolae_snake_storage_room, uniq_aizul
Snake:2:  layout_grid_maze, uniq_agnes
Snake:3:  layout_layer_cave, minmay_shop_star
Snake:4:  snake_pit, layout_basic, nicolae_snake_gridmaze_entwining,
          grunt_ministairs_10, drop_trap
Orc:1:    layout_diamond_mine, serial_shops, nicolae_shop_stone
Orc:2:    grunt_orc_community_town_hall, layout_caves,
          grunt_orc_community_big_house_1, grunt_orc_community_big_house_1,
          grunt_orc_community_house_1, grunt_orc_community_house_2,
          grunt_orc_community_house_2, grunt_orc_community_house_3,
          bh_open_orc_temple
Elf:1:    eino_elf_arrival_shootout, layout_onion_city, serial_shops,
          shop_fountains, minmay_elf_annihilation, dreamdust_princess_corridor,
          nicolae_elf_big_sculpture_2
Elf:2:    nicolae_elf_blades_splatter_lattice
          [nicolae_blade_entry_area_security], layout_loops_corners,
          st_stairs_7, minmay_shoptagon
Elf:3:    elf_hall, layout_geoelf_octagon, serial_shops, shop,
          nicolae_elf_free_trip_to_the_abyss, grunt_megastairs_5, uniq_louise,
          uniq_saint_roka
Vaults:1: vaults_mumra_hex, vaults_dpeg_cross, nicolae_vaults_network_star,
          ontoclasm_vaults_fault, v_alt_pattern_6,
          nicolae_vaults_little_squares_1, vaults_mumra_hexcomb,
          nicolae_vaults_little_squares_1, vaults_mumra_minichess_inversion,
          layout_vaults_omnigrid, serial_shops, nicolae_shop_waterfront
Vaults:2: v_misc_5, v_misc_4, hangedman_vaults_unwind, v_rooms_5,
          nicolae_vaults_border_crossing, nicolae_vaults_disjoint_gnomons,
          ontoclasm_vaults_misaligned, nicolae_vaults_little_squares_2,
          vaults_room_semicircle, vaults_dpeg_hooks, grunt_vaults_hallway_short,
          ontoclasm_vaults_gateway, grunt_vaults_focal, layout_vaults_omnicross,
          serial_shops, nicolae_shop_crystal, nicolae_shop_trees,
          nicolae_shop_overgrown_old_shop
Vaults:3: st_greater_box_5, nicolae_vaults_little_squares_4,
          dpeg_vaults_monster_row, vaults_standard_mumra_lines,
          layout_vaults_maze_snakey, blue_anna_dwarven_crypt, serial_shops, shop
Vaults:4: v_misc_29, gammafunk_sealed_library, hangedman_vaults_cutoff,
          vaults_standard_mumra_x, hangedman_vaults_hat, v_pattern_1,
          v_alt_pattern_1, nicolae_vaults_ring_of_whatevers,
          hangedman_vaults_restitches, nicolae_vaults_hallways_thing,
          grunt_vaults_diagonal, vaults_room_hallway,
          nicolae_vaults_little_squares_4, vaults_room_semicircle,
          layout_vaults_omnibox
Vaults:5
Depths:1: layout_basic, hangedman_tar_grid_catacomb, pan_entry, abandoned_shop,
          minmay_strange_pillars, minmay_fire_ice_demons,
          kennysheep_random_hallway

Notes
Turn   | Place    | Note
-------+----------+-------------------------------------------
     0 | D:1      | MackTheKnife the Deep Elf Wanderer began the quest for the
                  | Orb.
     0 | D:1      | MackTheKnife set off with the following items: a +0 dagger
                  | {short}, a potion of haste {@q3}, a +0 robe, a +0 cloak;
                  | and the following spells available to memorise: Slow,
                  | Foxfire, Kindle Blastsparks, Cause Fear, Fulminant Prism.
     0 | D:1      | Reached XP level 1. HP: 12/12 MP: 5/5
     0 | D:1      | magus.rc [v1.9.6]
     2 | D:1      | Learned a level 1 spell: Foxfire
    17 | D:1      | Reached skill level 2 in Spellcasting
   279 | D:1      | Reached skill level 3 in Spellcasting
   279 | D:1      | Reached XP level 2. HP: 16/16 MP: 1/8
  1356 | D:1      | Reached skill level 4 in Spellcasting
  1548 | D:2      | Reached XP level 3. HP: 20/20 MP: 4/10
  1866 | D:2      | Reached skill level 1 in Conjurations
  2020 | D:2      | Reached XP level 4. HP: 20/25 MP: 8/12
  2045 | D:2      | Learned a level 4 spell: Fulminant Prism
  2224 | D:2      | Reached skill level 2 in Conjurations
  2762 | D:2      | Gained mutation: Your mind is acute. (Int +4, Str/Dex -1)
                  | [potion of mutation]
  2903 | D:3      | Found Tyqymale's Magic Scroll Shoppe.
  2911 | D:3      | Bought 3 scrolls of identify for 60 gold pieces
  3295 | D:3      | Reached skill level 3 in Conjurations
  3413 | D:3      | Found a shimmering altar of Xom.
  3465 | D:3      | Found a stormy altar of Qazlal.
  3472 | D:3      | Reached XP level 5. HP: 24/29 MP: 4/14
  3595 | D:3      | Reached skill level 4 in Conjurations
  3788 | D:3      | Identified the +0 cloak of Lesser Demons {MP+9}
  3870 | D:3      | Noticed Grinder
  3922 | D:3      | Killed Grinder
  3923 | D:3      | Reached skill level 6 in Conjurations
  3923 | D:3      | Reached XP level 6. HP: 23/34 MP: 1/15
  4195 | D:3      | Found an opulent altar of Gozag.
  4195 | D:3      | Found a glowing silver altar of Zin.
  4209 | D:3      | Became a worshipper of Gozag Ym Sagoz the Greedy
  4310 | D:4      | Found a blossoming altar of Fedhas.
  4311 | D:4      | Found an ancient bone altar of Kikubaaqudgha.
  4311 | D:4      | Found a broken altar of Ashenzari.
  4324 | D:4      | Found a hide-covered altar of Uskayaw.
  4714 | D:4      | Reached skill level 5 in Spellcasting
  4898 | D:4      | Reached XP level 7. HP: 37/38 MP: 17/17
  5568 | D:5      | Entered Level 5 of the Dungeon
  5572 | D:5      | Found an iron altar of Okawaru.
  5585 | D:5      | Reached skill level 6 in Spellcasting
  5585 | D:5      | Reached skill level 7 in Conjurations
  5794 | D:5      | Reached skill level 7 in Spellcasting
  6048 | D:5      | Reached skill level 8 in Conjurations
  6048 | D:5      | Reached XP level 8. HP: 43/43 MP: 17/21
  6153 | D:5      | You pick up a book of Frost and begin reading...
  6153 | D:5      | You add the spells Freeze, Frozen Ramparts and Hailstorm to
                  | your library.
  6283 | D:5      | Noticed Blork the orc
  6287 | D:5      | Killed Blork the orc
  6288 | D:5      | Reached skill level 2 in Dodging
  6514 | D:5      | Identified the +1 robe "Buohiub" {rPois rC+ Will- rCorr}
  6557 | D:5      | You fall into a shaft and drop 3 floors!
  6570 | D:8      | Reached skill level 2 in Fighting
  6630 | D:8      | Reached skill level 3 in Dodging
  6883 | D:8      | Noticed Pikel
  6892 | D:8      | Killed Pikel
  6893 | D:8      | Reached skill level 3 in Fighting
  6893 | D:8      | Reached skill level 5 in Dodging
  7642 | D:5      | Learned a level 3 spell: Frozen Ramparts
  7683 | D:6      | Reached skill level 1 in Ice Magic
  7683 | D:6      | Reached XP level 9. HP: 52/52 MP: 22/22
  7724 | D:6      | Reached skill level 2 in Ice Magic
  7729 | D:6      | Noticed Eustachio
  7738 | D:6      | Killed Eustachio
  7739 | D:6      | Reached skill level 3 in Ice Magic
  8124 | D:6      | Reached skill level 4 in Fighting
  8134 | D:6      | Reached skill level 6 in Dodging
  8600 | D:6      | Noticed Edmund
  8609 | D:6      | Killed Edmund
  8610 | D:6      | Reached skill level 7 in Dodging
  8636 | D:6      | Reached skill level 5 in Fighting
  8912 | D:6      | You pick up a book of Spatial Translocations and begin
                  | reading...
  8912 | D:6      | You add the spells Blink, Momentum Strike and Lesser
                  | Beckoning to your library.
  8916 | D:6      | Learned a level 2 spell: Blink
  8937 | D:7      | Noticed Prince Ribbit
  8947 | D:7      | Killed Prince Ribbit
  9112 | D:7      | Reached skill level 8 in Dodging
  9331 | D:7      | Reached skill level 6 in Fighting
  9351 | D:7      | Reached XP level 10. HP: 60/60 MP: 13/23
  9478 | D:7      | Reached skill level 9 in Dodging
  9563 | D:7      | Noticed a boulder beetle
  9609 | D:7      | HP: 2/60 [boulder beetle (50)]
  9806 | D:6      | Identified a scroll of acquirement
  9806 | D:6      | Acquired the ring of the Bull {Wiz +Blink rPois rN+}
  9959 | D:7      | Noticed a gargoyle
 10001 | D:7      | Killed a gargoyle
 10028 | D:7      | Noticed a boulder beetle
 10050 | D:7      | You pick up a book of Changes and begin reading...
 10050 | D:7      | You add the spells Beastly Appendage, Wereblood and Spider
                  | Form to your library.
 10190 | D:7      | Noticed a cyclops
 10202 | D:7      | Killed a cyclops
 10203 | D:7      | Reached skill level 7 in Fighting
 10203 | D:7      | Reached skill level 10 in Dodging
 10306 | D:8      | Found a sacrificial altar of Ru.
 10338 | D:8      | Reached skill level 1 in Stealth
 10416 | D:8      | Reached skill level 2 in Stealth
 10594 | D:8      | Reached skill level 3 in Stealth
 10806 | D:7      | You pick up a book of Lightning and begin reading...
 10806 | D:7      | You add the spells Static Discharge, Vhi's Electric Charge,
                  | Lightning Bolt and Arcjolt to your library.
 10879 | D:8      | Learned a level 5 spell: Lightning Bolt
 10953 | D:8      | Found a hazy altar of Hepliaklqana.
 11356 | D:9      | Reached skill level 8 in Spellcasting
 11356 | D:9      | Reached skill level 1 in Air Magic
 11519 | D:9      | Found an ornate altar of the Wu Jian Council.
 11566 | D:9      | Found a shadowy altar of Dithmenos.
 11642 | D:9      | Found a snail-covered altar of Cheibriados.
 11799 | D:9      | Found a radiant altar of Vehumet.
 11854 | D:9      | Reached skill level 2 in Air Magic
 12243 | D:9      | Noticed a tengu warrior
 12314 | D:9      | Noticed a centaur warrior
 12324 | D:9      | Killed a centaur warrior
 12325 | D:9      | Reached skill level 9 in Spellcasting
 12325 | D:9      | Reached skill level 3 in Air Magic
 12456 | D:9      | Reached skill level 4 in Air Magic
 12565 | D:9      | Killed a tengu warrior
 12566 | D:9      | Reached skill level 10 in Spellcasting
 12566 | D:9      | Reached XP level 11. HP: 17/67 MP: 4/27
 13283 | D:10     | Entered Level 10 of the Dungeon
 13356 | D:10     | Reached skill level 5 in Air Magic
 13539 | D:9      | Bought the amulet "Jammemun" {rC++ Regen+} for 817 gold
                  | pieces
 13719 | D:10     | Found a staircase to the Lair.
 13804 | D:10     | Found a runed translucent door.
 13901 | D:10     | You pick up a book of Dreams and begin reading...
 13901 | D:10     | You add the spells Ensorcelled Hibernation and Anguish to
                  | your library.
 14093 | D:10     | Found a basalt altar of Yredelemnul.
 14563 | Lair:1   | Entered Level 1 of the Lair of Beasts
 14564 | Lair:1   | magus.rc [v1.9.6]
 14651 | Lair:1   | Reached skill level 11 in Spellcasting
 14710 | Lair:1   | Reached skill level 9 in Conjurations
 15061 | Lair:1   | Reached skill level 12 in Spellcasting
 15168 | Lair:1   | Reached skill level 10 in Conjurations
 15395 | Lair:1   | Reached skill level 13 in Spellcasting
 15800 | Lair:1   | Reached XP level 12. HP: 72/72 MP: 24/31
 16436 | Lair:2   | Found a frozen archway.
 16502 | IceCv    | Entered an ice cave
 17249 | IceCv    | Found an ancient bone altar of Kikubaaqudgha.
 17252 | IceCv    | Reached skill level 8 in Fighting
 17252 | IceCv    | Reached skill level 11 in Dodging
 17252 | IceCv    | Reached skill level 14 in Spellcasting
 17499 | IceCv    | You pick up a book of Ice and begin reading...
 17499 | IceCv    | You add the spells Freezing Cloud and Polar Vortex to your
                  | library.
 17506 | IceCv    | Learned a level 5 spell: Freezing Cloud
 17549 | IceCv    | Reached skill level 4 in Ice Magic
 17676 | IceCv    | Reached skill level 5 in Ice Magic
 18224 | IceCv    | Reached skill level 6 in Ice Magic
 18311 | IceCv    | Identified the +0 pair of boots of Qaenlad {rPois Will-
                  | Dex+4 Stlth+}
 18447 | Lair:2   | Reached skill level 7 in Ice Magic
 18479 | Lair:2   | Reached skill level 8 in Ice Magic
 18731 | Lair:2   | Noticed a catoblepas
 18736 | Lair:2   | Killed a catoblepas
 18737 | Lair:2   | Reached XP level 13. HP: 78/78 MP: 22/33
 18833 | Lair:2   | Found the +8 Vampire's Tooth {megavamp}
 18943 | Lair:2   | Reached skill level 1 in Short Blades
 18996 | Lair:2   | Found a staircase to the Shoals.
 19005 | Lair:2   | Reached skill level 2 in Short Blades
 19503 | Lair:2   | Reached skill level 3 in Short Blades
 19860 | Lair:2   | Bought a scroll of blinking for 112 gold pieces
 19860 | Lair:2   | Bought a scroll of blinking for 112 gold pieces
 19990 | Lair:3   | Identified the +5 trident of the Ornamental God {antimagic,
                  | rC- rN++ Str+3 SInv}
 20002 | Lair:3   | Reached skill level 4 in Short Blades
 20063 | Lair:3   | Reached skill level 5 in Short Blades
 20377 | Lair:3   | Found a staircase to the Snake Pit.
 20458 | Lair:3   | Reached skill level 6 in Short Blades
 21374 | Lair:3   | Reached skill level 7 in Short Blades
 21379 | Lair:3   | Reached skill level 12 in Dodging
 21801 | Lair:4   | Reached skill level 8 in Short Blades
 22525 | Lair:4   | Reached skill level 4 in Stealth
 22667 | Lair:5   | Entered Level 5 of the Lair of Beasts
 22899 | Lair:5   | Reached skill level 5 in Stealth
 23005 | Lair:5   | Reached skill level 9 in Fighting
 23005 | Lair:5   | Reached skill level 6 in Stealth
 23152 | Lair:5   | Reached XP level 14. HP: 86/86 MP: 19/34
 23424 | Lair:5   | Reached skill level 10 in Fighting
 23509 | Lair:5   | Reached skill level 2 in Evocations
 23519 | Lair:5   | Reached skill level 3 in Evocations
 23609 | Lair:5   | Reached skill level 4 in Evocations
 23896 | Lair:5   | Reached skill level 5 in Evocations
 24052 | Lair:5   | Found a runed translucent door.
 24053 | Lair:5   | Found a viscous altar of Jiyva.
 24056 | Lair:5   | Found a staircase to the Slime Pits.
 24056 | Lair:5   | Noticed an acid blob
 24115 | Lair:5   | Reached skill level 6 in Evocations
 24457 | Lair:5   | Reached skill level 9 in Ice Magic
 24468 | Lair:5   | Identified the +3 shortbow of the Distant Future {flame,
                  | rCorr MP+9 Str-4 Int+4}
 24912 | D:11     | Reached skill level 15 in Spellcasting
 25181 | D:11     | Found a staircase to the Orcish Mines.
 25394 | D:11     | HP: 15/88 [cyan ugly thing (16)]
 25394 | D:11     | HP: 4/88 [yak (11)]
 25654 | D:11     | Noticed Psyche
 25660 | D:11     | Killed Psyche
 25835 | D:11     | You add the spells Sting, Poisonous Vapours and Olgreb's
                  | Toxic Radiance to your library.
 26109 | D:11     | Found a shimmering altar of Xom.
 26241 | D:11     | Found Ydunee's Book Shoppe.
 26254 | D:11     | Identified a +2 robe of the Archmagi
 26254 | D:11     | Noticed Erica
 26258 | D:11     | Killed Erica
 26259 | D:11     | Reached skill level 10 in Ice Magic
 26438 | Orc:1    | Entered Level 1 of the Orcish Mines
 26438 | Orc:1    | Found Xohum's Weapon Boutique.
 26526 | Orc:1    | Noticed an orc warlord
 26551 | Orc:1    | Killed an orc warlord
 26552 | Orc:1    | Reached skill level 16 in Spellcasting
 27143 | Orc:2    | Entered Level 2 of the Orcish Mines
 27659 | Orc:2    | Found Cinum's Jewellery Boutique.
 27858 | Orc:2    | Noticed an orc warlord
 27865 | Orc:2    | Killed an orc warlord
 27866 | Orc:2    | Reached skill level 11 in Ice Magic
 28052 | Orc:2    | Found Diner's Antique Armour Shoppe.
 28056 | Orc:2    | Found Ucrukon's Antique Weapon Emporium.
 28221 | Orc:2    | Reached XP level 15. HP: 92/92 MP: 37/37
 28704 | Orc:2    | Found a staircase to the Elven Halls.
 28755 | Orc:2    | Found Aniewkih's Antique Armour Boutique.
 28771 | Orc:2    | Bought a pair of shimmering boots for 228 gold pieces
 28771 | Orc:2    | Identified the +0 pair of boots of the Lizard {Int+2} (You
                  | bought it in a shop on level 2 of the Orcish Mines)
 28786 | Orc:2    | Bought ichor-stained quicksilver dragon scales for 1560
                  | gold pieces
 28786 | Orc:2    | Identified the quicksilver dragon scales of the Barnacle
                  | {Will+ rCorr} (You bought it in a shop on level 2 of the
                  | Orcish Mines)
 28786 | Orc:2    | f - the quicksilver dragon scales of the Barnacle {Will+
                  | rCorr, rare}
 28796 | Orc:2    | You finish putting on the quicksilver dragon scales of the
                  | Barnacle {Will+ rCorr, rare}.
 28801 | Orc:2    | You finish taking off the quicksilver dragon scales of the
                  | Barnacle {Will+ rCorr, rare}.
 28816 | Orc:2    | You finish putting on the quicksilver dragon scales of the
                  | Barnacle {Will+ rCorr, rare}.
 29236 | D:12     | Reached skill level 1 in Armour
 29331 | D:12     | Noticed Frances
 29337 | D:12     | Killed Frances
 29366 | D:12     | Reached skill level 2 in Armour
 29567 | D:12     | Noticed Snorg
 29572 | D:12     | Killed Snorg
 29724 | D:12     | Identified the +0 robe "Jysoirya" {rC+ Str+3 Stlth+}
 29760 | D:12     | Reached skill level 3 in Armour
 30649 | D:13     | Found a portal to a secret trove of treasure.
 30727 | D:13     | This trove needs 8 potions of haste to function. Give it
                  | the items?
 31042 | D:13     | Noticed Maurice
 31056 | D:13     | Killed Maurice
 31057 | D:13     | Reached skill level 4 in Armour
 31598 | D:14     | Noticed Lodul
 31601 | D:14     | Killed Lodul
 31635 | D:14     | Reached skill level 5 in Armour
 31820 | D:14     | Found an opulent altar of Gozag.
 32258 | D:14     | Reached skill level 6 in Armour
 32295 | D:14     | Found a gate to the Vaults.
 32301 | D:14     | Identified the +1 ring mail of the Gloaming {Harm Int-2
                  | Dex+5}
 33072 | D:15     | Entered Level 15 of the Dungeon
 33149 | D:15     | Reached skill level 7 in Armour
 33410 | D:15     | Reached skill level 8 in Armour
 33955 | D:15     | Identified a +2 robe of the Archmagi
 34106 | D:15     | Reached skill level 11 in Fighting
 34182 | D:15     | Noticed Kirke
 34188 | D:15     | Killed Kirke
 34432 | D:15     | Found a staircase to the Depths.
 34794 | Snake:1  | Entered Level 1 of the Snake Pit
 34794 | Snake:1  | Noticed Aizul
 34797 | Lair:3   | magus.rc [v1.9.6]
 34981 | Elf:1    | Entered Level 1 of the Elven Halls
 35080 | Elf:1    | Reached XP level 16. HP: 97/100 MP: 38/38
 35177 | Elf:1    | You pick up a book of Dreams and begin reading...
 35240 | Elf:1    | Found Paimeas's Antique Weapon Emporium.
 35252 | Elf:1    | Bought a glimmering falchion for 352 gold pieces
 35252 | Elf:1    | Identified the +8 falchion "Jellyslayer" {flame, rCorr}
                  | (You bought it in a shop on level 1 of the Elven Halls)
 35281 | Elf:1    | HP: 16/100 [+4 heavy halberd (24)]
 35779 | Shoals:1 | Entered Level 1 of the Shoals
 35920 | Shoals:1 | Noticed a kraken
 35936 | Shoals:1 | Noticed Roxanne
 35939 | Shoals:1 | HP: 22/101 [water elemental (5)]
 36052 | Shoals:1 | Killed a kraken
 36072 | Shoals:1 | Reached skill level 12 in Fighting
 36338 | Shoals:1 | Got the Almanac of the Enthralling Damned
 36347 | Shoals:1 | Noticed Josephine
 36358 | Shoals:1 | Killed Josephine
 36360 | Shoals:1 | Reached skill level 17 in Spellcasting
 36810 | Shoals:1 | Reached skill level 12 in Ice Magic
 37538 | Shoals:1 | You pick up a book of Scorching and begin reading...
 37538 | Shoals:1 | You add the spells Scorch, Flame Wave and Summon Cactus
                  | Giant to your library.
 37688 | Shoals:1 | Learned a level 4 spell: Cause Fear
 37746 | Shoals:2 | Found a runed translucent door.
 37876 | Shoals:2 | Reached skill level 1 in Shields
 38097 | Shoals:2 | Reached skill level 2 in Shields
 38235 | Shoals:2 | Found Cykhiem's Jewellery Boutique.
 38560 | Shoals:2 | Reached skill level 3 in Shields
 38825 | Shoals:3 | Reached skill level 4 in Shields
 38832 | Shoals:3 | Bought a book of Dangerous Friends for 440 gold pieces
 38832 | Shoals:3 | You pick up a book of Dangerous Friends and begin
                  | reading...
 38832 | Shoals:3 | You add the spells Summon Guardian Golem, Orb of
                  | Destruction and Spellforged Servitor to your library.
 38840 | Shoals:3 | Learned a level 7 spell: Orb of Destruction
 39085 | Shoals:3 | Reached skill level 5 in Shields
 39386 | Shoals:3 | Could not pick up a +0 double sword {longrare=g} here;
                  | ([A]lways) ignore it?
 39386 | Shoals:3 | Could not pick up a +0 double sword {longrare=g} here;
                  | ([A]lways) ignore it?
 39386 | Shoals:3 | Could not pick up a +0 double sword {longrare=g} here;
                  | ([A]lways) ignore it?
 39386 | Shoals:3 | Could not pick up a +0 double sword {longrare=g} here;
                  | ([A]lways) ignore it?
 39446 | Shoals:3 | HP: 7/101 [water nymph/the raging water (29)]
 39549 | Shoals:3 | Reached skill level 6 in Shields
 39569 | Shoals:3 | Learned a level 7 spell: Spellforged Servitor
 39796 | Shoals:3 | Reached skill level 1 in Summonings
 39888 | Shoals:3 | Identified the ring "Narofoan" {Ice rN+ Will- Int+4 Dex+3}
 40044 | Shoals:4 | Entered Level 4 of the Shoals
 40057 | Shoals:4 | Reached skill level 11 in Conjurations
 40057 | Shoals:4 | Reached skill level 2 in Summonings
 40373 | Shoals:4 | Reached skill level 3 in Summonings
 40542 | Shoals:4 | You pick up a book of Touch and begin reading...
 40542 | Shoals:4 | You add the spells Kiss of Death and Confusing Touch to
                  | your library.
 40607 | Shoals:4 | Reached skill level 4 in Summonings
 40939 | Shoals:4 | Reached XP level 17. HP: 106/106 MP: 40/40
 41215 | Shoals:4 | Reached skill level 5 in Summonings
 41225 | Shoals:4 | Reached skill level 12 in Conjurations
 41390 | Shoals:4 | Reached skill level 6 in Summonings
 42219 | Shoals:4 | You pick up a book of Vapours and begin reading...
 42219 | Shoals:4 | You add the spells Cigotuvi's Dreadful Rot and Mephitic
                  | Cloud to your library.
 42486 | Shoals:4 | Got a barnacled rune of Zot
 42727 | Shoals:2 | Bought the ring "Gyez" {Str+6 Int+5} for 909 gold pieces
 42836 | Lair:3   | Killed Aizul
 43121 | Snake:1  | magus.rc [v1.9.6]
 43334 | Snake:1  | Reached skill level 7 in Summonings
 43713 | Snake:1  | Reached skill level 18 in Spellcasting
 44583 | Shoals:1 | Killed Roxanne
 44593 | Shoals:1 | You pick up a book of Sloth and begin reading...
 44593 | Shoals:1 | You add the spells Petrify, Metabolic Englaciation and
                  | Statue Form to your library.
 44869 | Snake:1  | Reached skill level 8 in Summonings
 45087 | Snake:1  | Reached skill level 13 in Conjurations
 46277 | Snake:1  | Identified the +2 war axe of Vuemome {elec, rC- rN++ Will+
                  | Int+3}
 46739 | Snake:2  | You pick up a book of the Earth and begin reading...
 46739 | Snake:2  | You add the spells Leda's Liquefaction and Lee's Rapid
                  | Deconstruction to your library.
 46886 | Snake:2  | Noticed Agnes
 46893 | Snake:2  | Killed Agnes
 46894 | Snake:2  | Reached skill level 9 in Summonings
 47546 | Snake:2  | Reached skill level 19 in Spellcasting
 48770 | Snake:3  | Found Opnawn's Magic Scroll Emporium.
 48774 | Snake:3  | Found Sookum's Armour Emporium.
 49032 | Snake:3  | Reached XP level 18. HP: 104/112 MP: 42/43
 49444 | Snake:3  | You pick up a book of Callings and begin reading...
 49444 | Snake:3  | You add the spells Summon Small Mammal and Call Canine
                  | Familiar to your library.
 50009 | Snake:4  | Entered Level 4 of the Snake Pit
 50055 | Snake:4  | Reached skill level 13 in Ice Magic
 50906 | Snake:4  | Reached skill level 20 in Spellcasting
 51275 | Snake:4  | Reached skill level 14 in Ice Magic
 51754 | Snake:4  | Got a serpentine rune of Zot
 52153 | Snake:4  | Reached skill level 21 in Spellcasting
 53517 | Vaults:1 | Entered Level 1 of the Vaults
 53871 | Elf:1    | You pick up a book of Storms and begin reading...
 53871 | Elf:1    | You add the spells Airstrike and Summon Lightning Spire to
                  | your library.
 53892 | Elf:1    | Reached skill level 15 in Ice Magic
 54675 | Elf:1    | You add the spells Stone Arrow and Iskenderun's
                  | Battlesphere to your library.
 54675 | Elf:1    | Got the Commentary on Battle Magic
 55488 | Elf:2    | Found Paewn's Antique Armour Shop.
 55494 | Elf:2    | Found Goczouth's Assorted Antiques.
 55494 | Elf:2    | Found Marphihac's Jewellery Shop.
 55499 | Elf:2    | Found Hexorr's General Store.
 55518 | Elf:2    | Bought a ring of the Octopus King {HP+2 MP+9 AC+2 EV+2
                  | SH+2} for 733 gold pieces
 55518 | Elf:2    | Found the ring of the Octopus King {HP+2 MP+9 AC+2 EV+2
                  | SH+2}
 55680 | Elf:2    | Found a runed translucent gate.
 55680 | Elf:2    | Found a runed translucent gate.
 55680 | Elf:2    | Found a runed translucent gate.
 55701 | Elf:2    | Reached XP level 19. HP: 107/116 MP: 46/46
 55973 | Elf:2    | Reached skill level 22 in Spellcasting
 56099 | Orc:2    | Bought a ring of see invisible for 180 gold pieces
 56484 | Elf:3    | Entered Level 3 of the Elven Halls
 56488 | Elf:3    | Found Zypro's Jewellery Shop.
 56516 | Elf:3    | You pick up a book of Maledictions and begin reading...
 56642 | Elf:3    | Noticed Louise
 56648 | Elf:3    | Killed Louise
 57077 | Elf:3    | Reached skill level 16 in Ice Magic
 57332 | Elf:3    | Noticed Saint Roka
 57382 | Elf:3    | Killed Saint Roka
 57548 | Elf:3    | Identified the +6 broad axe of Division {venom, rPois rN+}
 57548 | Elf:3    | Identified the ring "Ipritiuk" {Ice *Corrode rElec rPois
                  | Will+ Slay+2}
 57645 | Elf:3    | You add the spells Ignite Poison, Sticky Flame and Ignition
                  | to your library.
 57839 | Elf:3    | Identified the +1 leather armour of the Big Bang {rN+} (You
                  | took it off a deep elf zephyrmancer on level 3 of the Elven
                  | Halls)
 57863 | Elf:3    | Reached skill level 23 in Spellcasting
 57872 | Elf:3    | HP: 23/118 [deep elf master archer/arrow (30)]
 58187 | Elf:3    | Reached skill level 17 in Ice Magic
 58271 | Elf:3    | Identified the amulet "Hessadeh" {RegenMP rElec rF- rC-
                  | Str+5}
 58274 | Elf:3    | an orc warrior comes into view. It is wielding the +6
                  | arbalest "Damnation" {damnation} and wearing a +2 plate
                  | armour of cold resistance.
 58516 | Elf:3    | Identified the +0 ring mail of Fugoahya {Contam rN+ Int+3
                  | Dex+3}
 58525 | Elf:3    | You pick up a book of Scorching and begin reading...
 58529 | Elf:3    | You add the spells Summon Ice Beast, Animate Armour and
                  | Summon Forest to your library.
 58529 | Elf:3    | Got the Reference Book on Formation
 58531 | Elf:3    | You pick up a book of Necromancy and begin reading...
 58531 | Elf:3    | You add the spells Necrotise, Vampiric Draining and Agony
                  | to your library.
 58533 | Elf:3    | Got Wuruwn's Compilation of the Sun
 58535 | Elf:3    | You add the spells Eringya's Noxious Bog and Summon Hydra
                  | to your library.
 58543 | Elf:3    | You pick up a book of Frost and begin reading...
 58583 | Elf:3    | Identified a +1 robe of the Archmagi
 58607 | Elf:3    | You pick up a book of Burglary and begin reading...
 58607 | Elf:3    | You add the spells Passwall and Swiftness to your library.
 58654 | Elf:3    | Learned a level 9 spell: Polar Vortex
 58955 | Depths:1 | Entered Level 1 of the Depths
 59067 | D:15     | magus.rc [v1.9.6]
 59141 | D:14     | HP: 20/118 [cloud of freezing vapour (11)]
 59555 | Vaults:1 | Found Manaecown's Assorted Antiques.
 60063 | Vaults:1 | HP: 21/118 [disintegration[the player character] (11)]
 60382 | Vaults:1 | Learned a level 5 spell: Summon Forest
 60972 | Vaults:1 | Reached skill level 24 in Spellcasting
 60977 | Vaults:1 | Reached skill level 18 in Ice Magic
 60991 | Vaults:1 | Reached XP level 20. HP: 109/122 MP: 50/50
 62926 | Vaults:2 | Found Otien's Antique Armour Emporium.
 63196 | Vaults:2 | Reached skill level 19 in Ice Magic
 63203 | Vaults:2 | Reached skill level 25 in Spellcasting
 64781 | Vaults:2 | You pick up a book of Chaos and begin reading...
 64781 | Vaults:2 | You add the spells Conjure Ball Lightning, Disjunction and
                  | Discord to your library.
 64839 | Vaults:2 | Found Qoczitue's Distillery.
 65238 | Vaults:2 | Found Qouck's Antique Weapon Shoppe.
 65624 | Vaults:3 | Found Ycsy's Distillery.
 65746 | Vaults:3 | Bought 2 potions of heal wounds for 120 gold pieces
 65746 | Vaults:3 | Bought 2 potions of resistance for 240 gold pieces
 66000 | Vaults:3 | Found a staircase to the Crypt.
 66170 | Vaults:3 | Reached skill level 20 in Ice Magic
 66265 | Vaults:3 | Reached skill level 26 in Spellcasting
 66759 | Vaults:3 | Reached XP level 21. HP: 127/127 MP: 53/53
 67390 | D:9      | Bought the ring of Wagur {Int+3 SInv} for 424 gold pieces
 67392 | D:9      | Bought the ring of the Mage {Wiz Archmagi} for 765 gold
                  | pieces
 67392 | D:9      | Found the ring of the Mage {Wiz Archmagi}
 68249 | Vaults:3 | Reached skill level 21 in Ice Magic
 68257 | Vaults:3 | Reached skill level 27 in Spellcasting
 68909 | Vaults:4 | You pick up a book of Party Tricks and begin reading...
 68909 | Vaults:4 | You add the spells Apportation and Alistair's Intoxication
                  | to your library.
 69149 | Vaults:4 | Reached skill level 22 in Ice Magic
 69528 | Vaults:4 | Identified the ring of Laxah {Ice rElec rPois rN+ Dex-5}
 69732 | Vaults:4 | Found a transporter.
 69733 | Vaults:4 | Found a shimmering blue altar of Sif Muna.
 69850 | Vaults:4 | You add the spells Borgnjor's Revivification, Necromutation
                  | and Death's Door to your library.
 70988 | Vaults:4 | Learned a level 7 spell: Enfeeble
 70989 | Vaults:5 | Entered Level 5 of the Vaults
 70993 | Vaults:5 | Reached skill level 13 in Dodging
 71002 | Vaults:5 | Noticed an ancient lich
 71003 | Vaults:5 | Reached XP level 22. HP: 102/133 MP: 50/55
 71011 | Vaults:5 | HP: 6/133 [ancient lich/crystal spear (104)]
 71011 | Vaults:5 | HP: 2/133 [storm dragon/bolt of lightning (4)]
 71012 | Vaults:5 | Noticed a golden dragon
 71012 | Vaults:5 | Hit by a large rock thrown by a stone giant

Vanquished Creatures
  A deep elf master archer (Elf:3)
  A deep elf blademaster (Elf:3)
  A titan (Vaults:5)
  4 sphinxes
  2 shadow dragons (Vaults:3)
  Agnes (Snake:2)
  Frances (D:12)
  A kraken (Shoals:1)
  Kirke (D:15)
  A nagaraja (Snake:4)
  2 frost giants
  9 vault wardens
  Louise (Elf:3)
  A deep elf sorcerer (Elf:3)
  Aizul (Lair:3)
  2 orc warlords
  6 very ugly things
  2 deep elf elementalists (Elf:3)
  A stone giant (Vaults:3)
  13 ironbound preservers
  A war gargoyle (Vaults:4)
  8 ironbound thunderhulks
  2 elemental wellsprings (Shoals:3)
  4 dire elephants (Vaults:3)
  4 deep elf annihilators
  Snorg (D:12)
  8 merfolk impalers
  3 merfolk javelineers (Shoals:4)
  2 ettins
  3 deep elf death magi
  4 great orbs of eyes
  2 deep elf high priests
  5 yaktaur captains
  A fire dragon (D:15)
  8 hydras
  A peacekeeper (Vaults:4)
  Josephine (Shoals:1)
  33 vault guards
  5 boulder beetles
  An ice dragon (Depths:1)
  4 merfolk avatars
  Erica (D:11)
  An ogre mage (D:15)
  6 two-headed ogres
  2 catoblepae
  An alligator snapping turtle (Shoals:2)
  3 anacondas (Snake:1)
  7 centaur warriors
  A satyr (Shoals:4)
  5 merfolk aquamancers
  3 tengu warriors
  5 ironbound frosthearts
  3 dancing weapons (Elf:1)
  7 naga warriors
  An orc high priest (Orc:2)
  A vampire mage (Vaults:3)
  9 naga sharpshooters
  3 shock serpents
  6 deep elf knights
  3 goliath frogs (Lair:5)
  Lodul (D:14)
  7 sea snakes
  A shadow wraith (Vaults:3)
  9 skeletal warriors
  2 flayed ghosts
  2 glowing orange brains
  A deep troll (shapeshifter) (Vaults:3)
  32 deep trolls
  A naga ritualist (Snake:4)
  2 deep elf archers
  7 ironbound convokers
  Pikel (D:8)
  3 phantasmal warriors
  6 wizards
  2 lindwurms
  4 necromancers
  6 orc knights
  4 deep elf pyromancers
  10 deep elf zephyrmancers
  23 harpies
  17 fauns
  9 orc sorcerers
  20 ugly things
  5 mana vipers
  7 salamanders
  11 manticores
  Maurice (D:13)
  2 centaur zombies (D:15)
  6 cyclopes
  15 elephants
  An ice statue (IceCv)
  7 merfolk sirens
  2 guardian serpents
  11 vault sentinels
  6 water nymphs
  13 naga magi
  20 cane toads
  A water nymph (shapeshifter) (D:14)
  15 black mambas
  2 centaur skeletons (D:15)
  A gargoyle (D:7)
  42 yaktaurs
  A kobold demonologist (D:10)
  3 anaconda simulacra (IceCv)
  A rime drake (Lair:4)
  Psyche (D:11)
  12 komodo dragons
  12 ice devils (IceCv)
  5 freezing wraiths
  9 trolls
  A harpy zombie (D:15)
  7 wind drakes
  6 polar bears
  6 nameless horrors
  32 merfolk
  29 blink frogs
  A blink frog (shapeshifter) (D:13)
  Prince Ribbit (D:7)
  Grinder (D:3)
  2 tyrant leeches (Lair:5)
  5 dream sheep (Lair:5)
  33 slime creatures
  10 snapping turtles
  3 shadows (D:11)
  2 vampires
  2 dire elephant simulacra (IceCv)
  21 water elementals
  42 yaks
  5 wraiths
  4 hogs (D:15)
  A fire elemental (Elf:1)
  6 vampire mosquitoes
  3 basilisks
  Eustachio (D:6)
  6 wargs
  2 wyverns
  A death yak simulacrum (IceCv)
  5 steam dragons
  16 nagas
  Edmund (D:6)
  2 acid dragons
  3 hydra simulacra (IceCv)
  20 water moccasins
  An ice beast (D:7)
  A sky beast (D:6)
  An ogre (shapeshifter) (Vaults:3)
  35 orc warriors
  4 black bears
  16 ogres
  14 centaurs
  2 phantoms
  10 wolves
  6 boggarts
  4 lemures (D:8)
  25 bullfrogs
  3 kobold brigands
  Blork the orc (D:5)
  5 scorpions
  3 cane toad simulacra (IceCv)
  2 earth elementals
  3 gnoll sergeants
  A necrophage (D:3)
  2 two-headed ogre simulacra (IceCv)
  A wight (D:9)
  A troll zombie (D:11)
  7 elephant simulacra (IceCv)
  3 electric eels
  4 crimson imps (D:11)
  3 howler monkeys
  19 orc priests
  A gnoll bouda (D:7)
  4 hounds
  2 jellies
  8 iguanas
  24 orc wizards
  A spriggan simulacrum (IceCv)
  4 polar bear simulacra (IceCv)
  2 troll simulacra (IceCv)
  5 wolf simulacra (IceCv)
  5 ogre zombies (D:11)
  12 adders
  20 gnolls
  A naga simulacrum (IceCv)
  2 shadow imps
  12 white imps (Lair:2)
  An ufetubus (D:5)
  A worm (D:2)
  2 dart slugs (D:2)
  100 orcs
  9 ball pythons
  3 bats
  9 endoplasms
  5 giant cockroaches
  10 hobgoblins
  17 kobolds
  A quokka (D:2)
  3 frilled lizards (D:1)
  6 goblins
  3 goblin skeletons (D:11)
  2 goblin zombies (D:11)
  2 hobgoblin zombies (D:11)
  A kobold zombie (D:10)
  2 orc skeletons (D:11)
  9 orc zombies (D:11)
  8 rats
  A foxfire (D:9)
  2 tentacles (Shoals:1)
1360 creatures vanquished.

Vanquished Creatures (collateral kills)
  Saint Roka (Elf:3)
  A deep elf master archer (Elf:3)
  A deep elf blademaster (Elf:3)
  A sphinx (Vaults:3)
  Roxanne (Shoals:1)
  2 nagarajas (Snake:4)
  9 vault wardens
  2 deep elf sorcerers (Elf:3)
  7 deep elf elementalists
  6 ironbound preservers
  A very ugly thing (Vaults:1)
  A stone giant (Vaults:3)
  2 ironbound thunderhulks
  3 deep elf demonologists
  3 deep elf annihilators (Elf:3)
  A dire elephant (Vaults:3)
  An ettin (Vaults:3)
  2 deep elf death magi (Elf:3)
  A deep elf high priest (Elf:3)
  6 yaktaur captains
  3 great orbs of eyes
  4 vault guards
  An entropy weaver (Vaults:3)
  2 salamander tyrants (Snake:4)
  2 death knights (Vaults:3)
  2 centaur warriors
  10 anacondas
  2 ironbound frosthearts
  11 dancing weapons
  9 naga warriors
  3 shock serpents
  3 deep elf knights
  10 naga sharpshooters
  4 salamander mystics (Snake:4)
  16 deep trolls
  8 deep elf archers
  10 naga ritualists
  4 harpies (Vaults:1)
  11 ironbound convokers
  3 necromancers
  2 phantasmal warriors
  2 lindwurms (Vaults:1)
  12 deep elf pyromancers
  A wizard (Vaults:2)
  15 deep elf zephyrmancers
  14 mana vipers
  3 ugly things
  A salamander (shapeshifter) (Elf:2)
  11 salamanders
  A guardian serpent (Snake:1)
  21 black mambas
  16 naga magi
  8 vault sentinels
  An elf zombie (Vaults:3)
  13 yaktaurs
  A yaktaur skeleton (Vaults:3)
  2 polar bears (Lair:2)
  3 nameless horrors
  A tarantella (shapeshifter) (Elf:1)
  16 slime creatures
  An ettin skeleton (Vaults:3)
  2 water elementals
  A yak (Lair:2)
  A chaos spawn (Elf:3)
  A fire elemental (Elf:1)
  A redback (Vaults:3)
  18 nagas
  A water moccasin (Lair:2)
  4 orc warriors (Elf:3)
  2 earth elementals
  2 orcs (Elf:3)
  4 foxfires (Lair:1)
352 creatures vanquished.

Vanquished Creatures (others)
  A deep elf demonologist (Elf:3)
  A deep elf annihilator (Elf:3)
  A deep elf death mage (Elf:3)
  A deep troll (Vaults:3)
  A naga ritualist (Snake:4)
  A wizard (Vaults:3)
  A deep elf pyromancer (Elf:1)
  A black mamba (Snake:4)
  A yaktaur (Vaults:1)
  A naga (Snake:4)
  672 foxfires
  202 fulminant prisms
  30 fungi
  192 plants
  9 tentacles (Shoals:1)
1115 creatures vanquished.

Grand Total: 2827 creatures vanquished

Table legend:
 A = Non-vault XP
 B = Vault XP
 C = Vault XP percentage of total XP
 D = Non-vault monster count
 E = Vault monster count
 F = Vault count percentage of total count
                 A         B        C        D         E       F
            +---------+---------+-------+---------+---------+-------
      Total |  398868 |  312532 |  43.9 |    1035 |     661 |  39.0
            +---------+---------+-------+---------+---------+-------
        D:1 |      38 |       0 |   0.0 |      24 |       0 |   0.0
        D:2 |     107 |       0 |   0.0 |      24 |       0 |   0.0
        D:3 |     174 |     273 |  61.1 |      19 |       7 |  26.9
        D:4 |     278 |       0 |   0.0 |      10 |       0 |   0.0
        D:5 |     787 |      91 |  10.4 |      14 |       1 |   6.7
        D:6 |    1313 |     349 |  21.0 |      20 |       2 |   9.1
        D:7 |     398 |    2878 |  87.9 |      13 |      18 |  58.1
        D:8 |     789 |     651 |  45.2 |      22 |       1 |   4.3
        D:9 |     616 |    2971 |  82.8 |      19 |      12 |  38.7
       D:10 |    2117 |       1 |   0.0 |      20 |       1 |   4.8
       D:11 |    4659 |    4671 |  50.1 |      17 |      43 |  71.7
       D:12 |    3429 |    2429 |  41.5 |       9 |       2 |  18.2
       D:13 |    4135 |     485 |  10.5 |       7 |       1 |  12.5
       D:14 |    7034 |    9873 |  58.4 |      25 |      18 |  41.9
       D:15 |   16374 |    7161 |  30.4 |      36 |      15 |  29.4
     Lair:1 |    8728 |     797 |   8.4 |      39 |       3 |   7.1
     Lair:2 |    7457 |    2635 |  26.1 |      22 |      24 |  52.2
     Lair:3 |    9854 |    1187 |  10.8 |      29 |       1 |   3.3
     Lair:4 |    3929 |    1099 |  21.9 |      14 |       4 |  22.2
     Lair:5 |   12385 |   11488 |  48.1 |      42 |      35 |  45.5
   Shoals:1 |   15548 |    2911 |  15.8 |      31 |       5 |  13.9
   Shoals:2 |    3855 |    6020 |  61.0 |      10 |      11 |  52.4
   Shoals:3 |   10778 |    3418 |  24.1 |      23 |       5 |  17.9
   Shoals:4 |   14291 |   19288 |  57.4 |      33 |      35 |  51.5
    Snake:1 |   24464 |   10039 |  29.1 |      45 |      19 |  29.7
    Snake:2 |   15459 |    1492 |   8.8 |      29 |       1 |   3.3
    Snake:3 |    8465 |       0 |   0.0 |      15 |       0 |   0.0
    Snake:4 |   32521 |   23340 |  41.8 |      65 |      38 |  36.9
      Orc:1 |    6139 |       0 |   0.0 |      53 |       0 |   0.0
      Orc:2 |    1076 |    7654 |  87.7 |      18 |      75 |  80.6
      Elf:1 |   16321 |    5244 |  24.3 |      29 |       8 |  21.6
      Elf:2 |   12960 |    4690 |  26.6 |      22 |       7 |  24.1
      Elf:3 |   11975 |   39735 |  76.8 |      19 |      45 |  70.3
   Vaults:1 |   30010 |   25088 |  45.5 |      47 |      34 |  42.0
   Vaults:2 |   35478 |   21956 |  38.2 |      59 |      37 |  38.5
   Vaults:3 |   40185 |   38331 |  48.8 |      52 |      45 |  46.4
   Vaults:4 |   30547 |   21289 |  41.1 |      55 |      31 |  36.0
   Vaults:5 |    3348 |   23463 |  87.5 |       4 |      26 |  86.7
   Depths:1 |     847 |       0 |   0.0 |       1 |       0 |   0.0
      IceCv |       0 |    9535 | 100.0 |       0 |      51 | 100.0
            +---------+---------+-------+---------+---------+-------

Illustrated notes

Table legend:
 A = Kills in this place as a percentage of kills in entire the game.
 B = Kills by you in this place as a percentage of kills by you in the entire game.
 C = Kills by friends in this place as a percentage of kills by friends in the entire game.
 D = Other kills in this place as a percentage of other kills in the entire game.
 E = Experience gained in this place as a percentage of experience gained in the entire game.
 F = Experience gained in this place divided by the number of levels of this place that you have seen.
                   A       B       C       D       E      F
               +-------+-------+-------+-------+-------+----------------------
         Total | 100.0 | 100.0 | 100.0 | 100.0 | 100.0 | 17785.0
       Dungeon |  23.6 |  29.6 |   0.3 |   0.0 |  10.4 | 4938.7
          Lair |  12.6 |  15.5 |   1.2 |   0.0 |   8.4 | 11911.8
        Shoals |   9.0 |  11.3 |   0.3 |   0.0 |  10.7 | 19027.2
     Snake Pit |  12.5 |   5.9 |  38.0 |  25.0 |  16.3 | 28945.0
  Orcish Mines |   8.6 |  10.8 |   0.0 |   0.0 |   2.1 | 7434.5
   Elven Halls |   7.7 |   3.3 |  24.1 |  50.0 |  12.8 | 30308.3
        Vaults |  23.0 |  19.6 |  36.2 |  25.0 |  37.9 | 53939.0
        Depths |   0.1 |   0.1 |   0.0 |   0.0 |   0.1 | 847.0
      Ice Cave |   3.0 |   3.8 |   0.0 |   0.0 |   1.3 | 9535.0
               +-------+-------+-------+-------+-------+----------------------

Table legend: (Time is in decaauts)
 A = Elapsed time spent in this place.
 B = Non-inter-level travel time spent in this place.
 C = Inter-level travel time spent in this place.
 D = Time resting spent in this place.
 E = Time spent auto-exploring this place.
 F = Levels seen in this place.
 G = Mean time per level.
                   A        B        C        D        E       F      G
               +--------+--------+--------+--------+--------+-----+--------+
         Total |  70770 |  66031 |   4739 |  11671 |  43397 |  40 | 1769.2 |
       Dungeon |  23176 |  21120 |   2056 |   3301 |  14794 |  15 | 1545.1 |
          Lair |   8916 |   7887 |   1029 |   1239 |   5479 |   5 | 1783.2 |
        Shoals |   6927 |   6677 |    250 |   2170 |   3326 |   4 | 1731.8 |
     Snake Pit |   9966 |   9774 |    192 |   1282 |   7077 |   4 | 2491.5 |
  Orcish Mines |   2926 |   2363 |    563 |    183 |   1505 |   2 | 1463.0 |
   Elven Halls |   5514 |   5277 |    237 |    828 |   3499 |   3 | 1838.0 |
        Vaults |  11395 |  10987 |    408 |   1909 |   7089 |   5 | 2279.0 |
        Depths |     20 |     20 |      0 |      0 |      4 |   1 |   20.0 |
      Ice Cave |   1926 |   1926 |      0 |    758 |    623 |   1 | 1926.0 |
               +--------+--------+--------+--------+--------+-----+--------+

Top non-repeatable levels by time:
Vaults:2: 3367 daAuts
 Snake:1: 3237 daAuts
Vaults:1: 3212 daAuts
 Snake:4: 2914 daAuts
Vaults:4: 2481 daAuts
Shoals:3: 2356 daAuts
Vaults:3: 2312 daAuts
   Elf:3: 2243 daAuts
    D:14: 2170 daAuts
  Lair:1: 2041 daAuts
     D:9: 2021 daAuts
   Elf:1: 2013 daAuts
  Lair:2: 1958 daAuts
  Lair:3: 1944 daAuts
   Orc:2: 1930 daAuts
